 Dungeon Crawl Stone Soup version 0.29-a0-330-g52719c12eb (webtiles) character file.

Game seed: 7839806063562421711

58 kae the Firebug (level 4, 0/25 HPs)
             Began as a Tengu Fire Elementalist on Apr 14, 2022.
             Slain by an orc priest
             ... wielding a +0 dagger
              (3 damage)
             ... on level 4 of the Dungeon.
             The game lasted 00:01:07 (2191 turns).

kae the Firebug (Tengu Fire Elementalist)           Turns: 2191, Time: 00:01:08

Health: 0/25       AC:  2    Str:  8    XL:     4   Next: 1%
Magic:  3/8        EV: 12    Int: 23    God:
Gold:   70         SH:  0    Dex: 15    Spells: 4/7 levels left

rFire   . . .      SeeInvis .   g - +0 whip
rCold   . . .      Faith    .   (no shield)
rNeg    . . .      Spirit   .   a - +0 robe
rPois   .          Reflect  .   (helmet restricted)
rElec   .          Harm     .   (no cloak)
rCorr   .          Rampage  .   (no gloves)
Will    .....                   (boots unavailable)
Stlth   ++........              (no amulet)
HPRegen 0.08/turn               c - +6 ring of intelligence
MPRegen 0.11/turn               (no ring)

@: no status effects
A: beak, talons 3
a: no special abilities


You were on level 4 of the Dungeon.
You visited 1 branch of the dungeon, and saw 3 of its levels.

You collected 70 gold pieces.

Inventory:

Hand Weapons
 g - a +0 whip (weapon)
Armour
 a - a +0 robe (worn)
Jewellery
 c - a +6 ring of intelligence (left hand)
 i - a ring of ice
Scrolls
 e - a scroll of enchant weapon
 h - a scroll of summoning
 j - a scroll of teleportation {unknown}
Potions
 b - a potion of magic


   Skills:
 + Level 1.1 Fighting
 + Level 2.6 Dodging
 - Level 2.0 Stealth
 + Level 2.3 Spellcasting
 + Level 2.4 Conjurations
 * Level 4.1 Fire Magic


You had 4 spell levels left.
You knew the following spells:

 Your Spells              Type           Power      Damage    Failure   Level
a - Foxfire               Conj/Fire      68%        2x1d7     3%          1
b - Scorch                Fire           42%        2d7       3%          2

Your spell library contained the following spells:

 Spells                   Type           Power      Damage    Failure   Level
 Conjure Flame            Conj/Fire      17%        6-21      10%         3
 Inner Flame              Hex/Fire       12%        N/A       16%         3
 Flame Wave               Conj/Fire      17%        2d6       32%         4


Dungeon Overview and Level Annotations

Branches:
Dungeon (2/15)

Altars:


Innate Abilities, Weirdness & Mutations

You have a beak for a mouth.
You have claws for feet.


Message History

You conjure some foxfire!
The foxfire hits the orc priest.
The orc priest is severely wounded.
The foxfire hits the orc priest.
The orc priest is almost dead.
The orc wizard gestures at you while chanting.
You are confused.
You are too confused!
Unknown command.
You are too confused!
It was a potion of lignification.
You turn into a tree.
Your +0 robe melds into your body.
Your roots penetrate the ground.
The orc priest hits you but does no damage.
An orc comes into view. It is wielding a +0 whip of venom.
You cannot move. (Use ctrl+direction or * direction to attack while stationary and confused.)
You cannot move. (Use ctrl+direction or * direction to attack while stationary and confused.) You're too confused to cast spells.
Unknown command.
You closely miss the orc priest.
The orc priest is almost dead.
The orc shouts!
The orc priest calls down the wrath of Beogh upon you.
Beogh smites you!
* * * LOW HITPOINT WARNING * * *
An adder comes into view.
You swing at nothing.
The orc wizard points at you and mumbles some strange words.
The magic dart hits you but does no damage.
An orc comes into view. It is wielding a +0 flail.
The orc priest casts a cantrip, but nothing happens.
The orc priest hits you but does no damage.
Your magical effects are unravelling.
You feel magically purged.
You feel less wooden.
Your +0 robe unmelds from your body.
You feel less confused.
The adder hisses angrily.
The orc wizard barely misses you. The orc priest hits you with a +0 club.
* * * LOW HITPOINT WARNING * * *
The orc priest hits you with a +0 dagger.
You die...

....#.#.#†.##.......#'#####
.>....#.........###.#.#...#
..........#.##..#...#.#†#.#
........######......#.#.#.#
...##.o..## #.......#.#.#.#
#. #..†..##........#...#.#
#...............#####.#
#.............. #...#.#
........o@....... #.#.#.#
..........oo.!.... #.#.#.#
..............##.. #.#.#.#
...........)..# #.#...#
##............# #.#####
.............# #.#...#
...S......... #.#.#.#
.....o....... #.#.#.#
#.#.#.#


You could see 2 orc priests, an orc wizard, an adder and 2 orcs.

Vanquished Creatures
  A dart slug (D:1)
  An orc (D:4)
  2 bats
  3 endoplasms
  3 giant cockroaches
  5 goblins
  3 hobgoblins
  8 jackals
  4 kobolds
  4 quokkas
  6 ball pythons
  2 frilled lizards
  3 rats
45 creatures vanquished.

Vanquished Creatures (others)
  139 foxfires
139 creatures vanquished.

Grand Total: 184 creatures vanquished

Notes
Turn   | Place    | Note
-------+----------+-------------------------------------------
     0 | D:1      | kae the Tengu Fire Elementalist began the quest for the
                  | Orb.
     0 | D:1      | Reached XP level 1. HP: 10/10 MP: 4/4
   324 | D:1      | Reached XP level 2. HP: 16/16 MP: 0/6
   390 | D:1      | Learned a level 2 spell: Scorch
  1053 | D:1      | Found a faded altar of an unknown god.
  1357 | D:2      | Reached XP level 3. HP: 20/20 MP: 5/7
  1718 | D:2      | Reached skill level 1 in Fighting
  1818 | D:2      | You fall into a shaft and drop 2 floors!
  1823 | D:4      | Reached skill level 4 in Fire Magic
  2183 | D:4      | Reached XP level 4. HP: 25/25 MP: 4/8
  2191 | D:4      | Slain by an orc priest

Illustrated notes

Levels and vault maps discovered:
D:1:      lightli_iron_boxes, layout_loops_ring,
          shapermc_ecumenical_altar_mp_vishouse
D:2:      layout_basic, uniq_robin
D:4:      layout_cave_pools, kennysheep_little_box,
          mainiacjoe_overflow_alcove_2, minmay_temple_entry_enclosed_plants,
          serial_bayou_pond_e, roderic_serpentine_path, roderic_lattice_a

Skill      XL: |  1  2  3 |
---------------+----------+-----
Conjurations   | 2 |  2.4
Fighting       | 1 |  1.1
Fire Magic     | 4 |  4.1
Dodging        | |  2.6
Stealth        | |  2.0
Spellcasting   | |  2.3

Action                   |  1- 3 |  4- 6 || total
-------------------------+-------+-------++-------
Melee: Unarmed           |     7 |       ||     7
       Kick              |     1 |       ||     1
       Peck              |     1 |       ||     1
       Whip              |     1 |     1 ||     2
 Cast: Foxfire           |    83 |     2 ||    85
       Scorch            |     5 |       ||     5
  Use: Scroll            |     3 |       ||     3
       Potion            |       |     3 ||     3
Armor: Robe              |     8 |       ||     8
       Skin              |       |     3 ||     3
Dodge: Dodged            |    24 |     1 ||    25

Table legend: (Time is in decaauts)
 A = Elapsed time spent in this place.
 B = Non-inter-level travel time spent in this place.
 C = Inter-level travel time spent in this place.
 D = Time resting spent in this place.
 E = Time spent auto-exploring this place.
 F = Levels seen in this place.
 G = Mean time per level.
                   A        B        C        D        E       F      G
               +--------+--------+--------+--------+--------+-----+--------+
         Total |   2188 |   2169 |     19 |     31 |   1847 |   3 |  729.3 |
       Dungeon |   2188 |   2169 |     19 |     31 |   1847 |   3 |  729.3 |
               +--------+--------+--------+--------+--------+-----+--------+

Top non-repeatable levels by time:
     D:1: 1242 daAuts
     D:2: 573 daAuts
     D:4: 373 daAuts
